 Dungeon Crawl Stone Soup version 0.27-a0-1200-g94dc6ad4cf (console) character file.

Game seed: 16124061388076052350

674 jejorda2 the Slasher (level 7, -3/84 HPs)
             Began as a Merfolk Berserker on June 1, 2021.
             Was a Priest of Trog.
             Slain by Maggie
             ... wielding a +0 morningstar of freezing
              (4 damage)
             ... on level 6 of the Dungeon.
             The game lasted 00:12:28 (5575 turns).

jejorda2 the Slasher (Merfolk Berserker)            Turns: 5575, Time: 00:12:29

Health: -3/84      AC: 13    Str: 20    XL:     7   Next: 59%
Magic:  7/7        EV:  8    Int:  6    God:    Trog [***...]
Gold:   163        SH:  0    Dex: 13    Spells: 6/6 levels left

rFire    . . .     SeeInvis .   a - +0 falchion
rCold    . . .     Faith    .   (no shield)
rNeg     . . .     Spirit   .   m - +1 chain mail
rPois    .         Reflect  .   (no helmet)
rElec    .         Harm     .   p - +2 cloak
rCorr    .         Rampage  .   (no gloves)
Will     ++...                  (no boots)
Stlth    ..........             (no amulet)
HPRegen  1.24/turn              (no ring)
MPRegen  0.10/turn              (no ring)

@: berserking, strong-willed, regenerating, very quick
A: (nimble swimmer 2), mertail
a: Renounce Religion, Berserk, Trog's Hand


You were on level 6 of the Dungeon.
You worshipped Trog.
Trog was most pleased with you.
You visited 1 branch of the dungeon, and saw 6 of its levels.

You collected 163 gold pieces.

Inventory:

Hand Weapons
 a - a +0 falchion (weapon)
 q - a +0 flail
Missiles
 i - 6 javelins
 j - a throwing net
 o - 17 poisoned darts (quivered)
Armour
 m - a +1 chain mail (worn)
 p - a +2 cloak (worn)
Jewellery
 s - a ring of fire
Wands
 c - a wand of paralysis (7)
 l - a wand of iceblast (3)
Scrolls
 h - 2 scrolls of teleportation
 r - a scroll of magic mapping {unknown}
Potions
 b - a potion of curing
 d - a potion of flight {unknown}
 e - a potion of heal wounds {unknown}
 f - a potion of degeneration {unknown}
 g - a potion of might
 k - a potion of lignification {unknown}
 n - a potion of cancellation


   Skills:
 + Level 5.4 Fighting
 * Level 7.0 Long Blades
 + Level 3.3 Armour
 - Level 2.6 Dodging


You had 6 spell levels left.
You didn't know any spells.
Your spell library was empty.

Dungeon Overview and Level Annotations

Branches:
Dungeon (6/15)
 Temple: D:4-7

Altars:
Vehumet
Zin

Annotations:
D:6 Maggie


Innate Abilities, Weirdness & Mutations

((You are quick and stealthy near water. (Stealth+, EV+, Speed+++)))
Your lower body shifts to a powerful aquatic tail in water.


Message History

There is a stone staircase leading up here.
Your skin crawls.
You feel strong-willed.
Maggie hits you with a +0 morningstar of freezing!
Maggie freezes you.
A red film seems to cover your vision as you go berserk!
You feel yourself moving faster!
You feel mighty!
Maggie hits you with a +0 morningstar of freezing.
Maggie freezes you.
You slash Maggie!
Maggie is lightly wounded.
You slash Maggie!
Maggie is moderately wounded.
Maggie hits you with a +0 morningstar of freezing!
Maggie freezes you.
You hit Maggie.
Maggie is moderately wounded.
Maggie barely misses you.
You riposte.
You slash Maggie!
Maggie is heavily wounded.
You closely miss Maggie.
Maggie is heavily wounded.
You closely miss Maggie.
Maggie is heavily wounded.
Maggie hits you with a +0 morningstar of freezing!
* * * LOW HITPOINT WARNING * * *
Maggie freezes you.
* * * LOW HITPOINT WARNING * * *
You barely miss Maggie.
Maggie is heavily wounded.
You hit Maggie but do no damage.
Maggie is heavily wounded.
Maggie casts a spell at you. The bolt of fire hits you!
* * * LOW HITPOINT WARNING * * *
You hit Maggie.
Maggie is heavily wounded.
Maggie hits you with a +0 morningstar of freezing!
* * * LOW HITPOINT WARNING * * *
Maggie freezes you.
You die...

....).##...## ##
............###.###
........##.......# . #
##....##.......##
..##.#...............#
.....#.....=......?.##
#....(..................
#..............###......
.......@@..##..# ......
.........#.##### ......
##...##..### #.#### ###
#.## ## ###


You could see Maggie.

Vanquished Creatures
  2 sky beasts (D:5)
  An ogre (D:4)
  A scorpion (D:5)
  2 orc priests (D:4)
  A hound (D:5)
  Crazy Yiuf (D:3)
  An iguana (D:5)
  Ijyb (D:3)
  An orc wizard (D:5)
  Terence (D:3)
  A hound skeleton (D:5)
  3 adders
  2 worms
  3 dart slugs
  10 orcs
  4 endoplasms (D:2)
  6 giant cockroaches
  6 goblins
  3 hobgoblins
  6 jackals (D:1)
  9 kobolds
  2 quokkas (D:1)
  4 ball pythons
  8 bats
  5 frilled lizards (D:1)
  6 rats
90 creatures vanquished.

Vanquished Creatures (others)
  A gnoll shaman (D:5)
  3 gnolls (D:5)
4 creatures vanquished.

Grand Total: 94 creatures vanquished

Notes
Turn   | Place    | Note
-------+----------+-------------------------------------------
     0 | D:1      | jejorda2 the Merfolk Berserker began the quest for the Orb.
     0 | D:1      | Reached XP level 1. HP: 18/18 MP: 1/1
   125 | D:1      | Reached XP level 2. HP: 24/24 MP: 2/2
   375 | D:1      | Reached ** piety under Trog
   486 | D:1      | Found a faded altar of an unknown god.
   500 | D:1      | Reached skill level 4 in Long Blades
   500 | D:1      | Reached XP level 3. HP: 29/29 MP: 3/3
   726 | D:1      | You fall into a shaft and drop 1 floor!
  1482 | D:2      | Reached XP level 4. HP: 35/37 MP: 4/4
  2124 | D:3      | Noticed Terence
  2139 | D:3      | Killed Terence
  2238 | D:3      | Noticed Ijyb
  2272 | D:3      | Killed Ijyb
  2375 | D:3      | Found a glowing silver altar of Zin.
  2495 | D:3      | Reached XP level 5. HP: 42/42 MP: 5/5
  2694 | D:3      | Found a runed translucent door.
  2695 | D:3      | Noticed Crazy Yiuf
  2944 | D:3      | Killed Crazy Yiuf
  2945 | D:3      | Reached skill level 5 in Long Blades
  3372 | D:4      | Noticed an ogre
  3385 | D:4      | Killed an ogre
  3386 | D:4      | Reached XP level 6. HP: 49/49 MP: 6/6
  3388 | D:4      | Reached *** piety under Trog
  4081 | D:5      | Entered Level 5 of the Dungeon
  4238 | D:5      | Reached skill level 6 in Long Blades
  4520 | D:5      | Found a radiant altar of Vehumet.
  4520 | D:5      | Noticed a sky beast
  4546 | D:5      | Killed a sky beast
  4547 | D:5      | Reached skill level 5 in Fighting
  4547 | D:5      | Reached XP level 7. HP: 49/56 MP: 7/7
  5525 | D:6      | Noticed Maggie
  5544 | D:5      | Reached skill level 7 in Long Blades
  5575 | D:6      | HP: 1/84 [Maggie/+0 morningstar of freezing (9)]
  5575 | D:6      | Slain by Maggie

Illustrated notes

Levels and vault maps discovered:
D:1:      lightli_iron_boxes, layout_basic, hellmonk_ecumenical_altar_crossroads
D:2:      layout_loops_ring, serial_park_tiny_pond
D:3:      layout_basic, lemuel_crystal_altar, uniq_crazy_yiuf_cottage,
          uniq_ijyb, uniq_terence
D:4:      layout_basic, minmay_misc_feat_rugged, bh_walls_and_bars
D:5:      layout_loops_ring, fiery_altar_vehumet, grunt_ministairs_15
D:6:      layout_cave_pools, minmay_temple_entry_glassed_door,
          kennysheep_pointless_box, roderic_batcave, nrook_uturn, uniq_maggie

Skill      XL: |  1  2  3  4  5  6  7 |
---------------+----------------------+-----
Long Blades    | 4 5 6 7 |  7.0
Armour         | 2 3 |  3.3
Fighting       | 4 5 |  5.4
Dodging        | |  2.6

Action                   |  1- 3 |  4- 6 |  7- 9 || total
-------------------------+-------+-------+-------++-------
Melee: Falchion          |   132 |   176 |    59 ||   367
Throw: Dart              |       |       |     7 ||     7
Invok: Berserk           |       |     5 |     2 ||     7
       Trog's Hand       |       |       |     2 ||     2
  Use: Scroll            |       |     5 |     3 ||     8
Armor: Scale mail        |    56 |    19 |       ||    75
       Animal skin       |     1 |       |       ||     1
       Chain mail        |       |    66 |    35 ||   101
Dodge: Dodged            |    78 |    69 |    27 ||   174
       Rpst.: Falchion   |    21 |    17 |    11 ||    49

Table legend: (Time is in decaauts)
 A = Elapsed time spent in this place.
 B = Non-inter-level travel time spent in this place.
 C = Inter-level travel time spent in this place.
 D = Time resting spent in this place.
 E = Time spent auto-exploring this place.
 F = Levels seen in this place.
 G = Mean time per level.
                   A        B        C        D        E       F      G
               +--------+--------+--------+--------+--------+-----+--------+
         Total |   5645 |   5200 |    445 |    211 |   4158 |   6 |  940.8 |
       Dungeon |   5645 |   5200 |    445 |    211 |   4158 |   6 |  940.8 |
               +--------+--------+--------+--------+--------+-----+--------+

Top non-repeatable levels by time:
     D:5: 1406 daAuts
     D:4: 1133 daAuts
     D:1: 1093 daAuts
     D:3: 1053 daAuts
     D:2: 919 daAuts
     D:6: 38 daAuts
